 Dungeon Crawl Stone Soup version 0.27-a0-1140-g099f9bb0e8 (webtiles) character file.

Game seed: 2109671684274627053

165 HoaS the Bolt Thrower (level 5, -18/30 HPs)
             Began as a Gargoyle Hunter on May 9, 2021.
             Demolished by an ogre
             ... wielding a +0 giant spiked club
              (29 damage)
             ... on level 6 of the Dungeon.
             The game lasted 00:07:11 (3344 turns).

HoaS the Bolt Thrower (Gargoyle Hunter)             Turns: 3344, Time: 00:07:12

Health: -18/30     AC: 11    Str: 17    XL:     5   Next: 46%
Magic:  5/5        EV: 11    Int: 16    God:
Gold:   150        SH:  0    Dex: 10    Spells: 4/4 levels left

rFire    . . .     SeeInvis .   j - +2 dagger (elec)
rCold    + . .     Faith    .   (no shield)
rNeg     + + .     Spirit   .   b - +2 leather armour of Indomitability {rN+ Int+5}
rPois    ∞         Reflect  .   l - +1 helmet
rElec    +         Harm     .   (no cloak)
rCorr    .         Rampage  .   (no gloves)
Will     .....                  (no boots)
Stlth    +.........             (no amulet)
HPRegen  0.10/turn              f - ring of protection from cold
MPRegen  0.09/turn              (no ring)

@: no status effects
A: sickness immunity, AC +4, negative energy resistance 1, electricity
resistance, torment resistance 1, unbreathing 1, petrification resistance
a: no special abilities


You were on level 6 of the Dungeon.
You visited 1 branch of the dungeon, and saw 4 of its levels.

You collected 150 gold pieces.

Inventory:

Hand Weapons
 a - a +1 hand crossbow
 j - a +2 dagger of electrocution (weapon)
Missiles
 c - 4 atropa-tipped darts (quivered)
 d - 45 bolts
Armour
 b - the +2 leather armour of Indomitability (worn) {rN+ Int+5}
   (You found it on level 6 of the Dungeon)

   It affects your intelligence (+5).
   It protects you from negative energy.
 l - a +1 helmet (worn)
 m - a +0 chain mail
Jewellery
 f - a ring of protection from cold (left hand)
 h - a ring of ice
Potions
 e - 4 potions of curing
 g - 3 potions of mutation
 i - a potion of lignification {unknown}


   Skills:
 - Level 2.1 Fighting
 + Level 6.5 Crossbows
 - Level 1.5 Dodging
 - Level 1.1 Stealth


You had 4 spell levels left.
You didn't know any spells.
Your spell library contained the following spells:

 Spells                   Type           Power      Damage    Failure   Level
 Corona                   Hex            0%         N/A       30%         1
 Freeze                   Ice            0%         1d3       30%         1
 Ensorcelled Hibernation  Hex/Ice        0%         N/A       43%         2
 Confusing Touch          Hex            0%         N/A       67%         3
 Dazzling Flash           Conj/Hex       0%         N/A       67%         3
 Frozen Ramparts          Ice            0%         1d2       67%         3
 Ozocubu's Armour         Ice            0%         N/A       67%         3
 Tukima's Dance           Hex            0%         N/A       67%         3
 Hailstorm                Conj/Ice       0%         3d3       97%         4
 Metabolic Englaciation   Hex/Ice        0%         N/A       100%        5


Dungeon Overview and Level Annotations

Branches:
Dungeon (3/15)

Altars:


Innate Abilities, Weirdness & Mutations

You are immune to sickness and miasma.
Your stone body is resilient. (AC +4)
You are immune to poison.
You resist negative energy. (rN+)
You are resistant to electric shocks. (rElec)
You are resistant to unholy torment.
You can survive without breathing.
You are immune to petrification.


Message History

The hound misses you. The hound bites you.
The hound bites you but does no damage. The hound bites you.
* * * LOW HITPOINT WARNING * * *
The hound closely misses you. The hound bites you but does no damage.
The hound closely misses you.
You hit the hound.
The hound is lightly wounded.
The hound bites you but does no damage.
You hit the hound.
The hound is lightly wounded.
The hound misses you. The hound bites you but does no damage.
You closely miss the hound.
The hound is lightly wounded.
The hound closely misses you.
You hit the hound. Lightning courses through the hound!
The hound is severely wounded.
The hound barely misses you. The hound completely misses you.
You barely miss the hound.
The hound is severely wounded.
The hound bites you but does no damage.
You hit the hound.
The hound is almost dead.
The hound bites you.
* * * LOW HITPOINT WARNING * * *
The hound barely misses you.
You hit the hound.
The hound is almost dead.
The hound misses you.
You hit the hound.
You kill the hound!
You aren't carrying any scrolls.
Things that are here:
a +0 club; a +0 chain mail; an orc corpse You see here a +0 robe.
The ogre hits you with a +0 giant spiked club!!
Ouch! That really hurt!
You die...

#...########.##.# #..# ###.#
####.# #.#. #.# #.# #.## #.#
#.# ###.## #[# #.#
######.#.## #.###### #..
.........## #......##
####.......
#####...##########........##
#.#...O@.......####.###
#...############ ### #####


You could see an ogre.

Vanquished Creatures
  A hound (D:6)
  A jelly (D:6)
  A centaur zombie (D:6)
  Terence (D:3)
  An adder (D:2)
  2 dart slugs
  An orc (D:6)
  5 bats
  An endoplasm (D:2)
  A giant cockroach (D:2)
  5 goblins
  4 hobgoblins
  2 quokkas
  A ball python (D:1)
  4 frilled lizards
  2 kobolds (D:1)
  3 rats
36 creatures vanquished.

Notes
Turn   | Place    | Note
-------+----------+-------------------------------------------
     0 | D:1      | HoaS the Gargoyle Hunter began the quest for the Orb.
     0 | D:1      | Reached XP level 1. HP: 12/12 MP: 1/1
   326 | D:1      | Reached XP level 2. HP: 15/17 MP: 2/2
  2043 | D:2      | Reached skill level 5 in Crossbows
  2043 | D:2      | Reached XP level 3. HP: 21/21 MP: 3/3
  2753 | D:3      | Found a faded altar of an unknown god.
  2756 | D:3      | Noticed Terence
  2767 | D:3      | Killed Terence
  2768 | D:3      | Reached XP level 4. HP: 25/26 MP: 4/4
  2876 | D:3      | You fall into a shaft and drop 3 floors!
  2912 | D:6      | Reached skill level 6 in Crossbows
  3049 | D:6      | Identified the +2 leather armour of Indomitability {rN+
                  | Int+5}
  3105 | D:6      | Reached XP level 5. HP: 20/30 MP: 5/5
  3234 | D:6      | Noticed an ogre
  3344 | D:6      | Demolished by an ogre

Illustrated notes

Levels and vault maps discovered:
D:1:      dpeg_arrival_shelter, layout_basic, serial_co_window_serial,
          co_window_paths_b, co_window_of_opportunity_a, co_window_corner_a,
          co_window_corner_a, co_window_paths_a, co_window_unsneaky_path_e,
          co_window_cross_2, co_window_corner_b, co_window_corner_b,
          co_window_2corner, co_window_2corner, glass_columns_c, glass_columns_c
D:2:      layout_loops_corners
D:3:      layout_basic, vehumet_altar_wand_db,
          hellmonk_ecumenical_altar_lost_god, uniq_terence
D:6:      layout_loops_ring, minivault_22, lightli_corner_chamber, uniq_maggie

Skill      XL: |  1  2  3  4 |
---------------+-------------+-----
Crossbows      | 5 6 |  6.5
Fighting       | |  2.1
Dodging        | |  1.5
Stealth        | |  1.1

Action                   |  1- 3 |  4- 6 || total
-------------------------+-------+-------++-------
Melee: Short sword       |    90 |       ||    90
       Dagger            |    39 |    23 ||    62
 Fire: Hand crossbow     |     2 |     2 ||     4
  Use: Scroll            |     5 |     2 ||     7
 Stab: Sleeping          |     1 |       ||     1
Armor: Leather armour    |    32 |    19 ||    51
       Ring mail         |     6 |       ||     6
       Scale mail        |       |     2 ||     2
Dodge: Dodged            |    74 |    25 ||    99

Table legend: (Time is in decaauts)
 A = Elapsed time spent in this place.
 B = Non-inter-level travel time spent in this place.
 C = Inter-level travel time spent in this place.
 D = Time resting spent in this place.
 E = Time spent auto-exploring this place.
 F = Levels seen in this place.
 G = Mean time per level.
                   A        B        C        D        E       F      G
               +--------+--------+--------+--------+--------+-----+--------+
         Total |   3349 |   3306 |     43 |    771 |   1994 |   4 |  837.2 |
       Dungeon |   3349 |   3306 |     43 |    771 |   1994 |   4 |  837.2 |
               +--------+--------+--------+--------+--------+-----+--------+

Top non-repeatable levels by time:
     D:1: 1753 daAuts
     D:2: 925 daAuts
     D:6: 467 daAuts
     D:3: 203 daAuts
